 Dungeon Crawl Stone Soup version 0.27-a0-1081-ge8a0a9c698 (webtiles) character file.

Game seed: 18089931546401510481

6296 tardwrangler69 the Spear-Bearer (level 10, -12/84 HPs)
             Began as a Merfolk Gladiator on Apr 25, 2021.
             Was a Priest of Okawaru.
             Mangled by a white ugly thing (31 damage)
             ... on level 9 of the Dungeon.
             The game lasted 00:09:40 (10007 turns).

tardwrangler69 the Spear-Bearer (MfGl)             Turns: 10007, Time: 00:09:40

Health: -12/84     AC: 11    Str: 18    XL:     10   Next: 94%
Magic:  0/12       EV: 20    Int:  8    God:    Okawaru [***...]
Gold:   360        SH: 12    Dex: 18    Spells: 9/9 levels left

rFire    + . .     SeeInvis .   w - +3 trident
rCold    . . .     Faith    .   B - +0 kite shield {AC+3}
rNeg     . . .     Spirit   +   b - +3 leather armour of Dithmenos's Esteem {Dex+3 Slay+2}
rPois    .         Reflect  .   c - +1 helmet
rElec    .         Harm     .   (no cloak)
rCorr    .         Rampage  .   (no gloves)
Will     +....                  (no boots)
Stlth    +++.......             j - amulet of guardian spirit
HPRegen  0.24/turn              t - ring of willpower
MPRegen  0.13/turn              z - ring of protection from fire

@: heroic
A: (nimble swimmer 2), mertail
a: Renounce Religion, Heroism


You were on level 9 of the Dungeon.
You worshipped Okawaru.
Okawaru was most pleased with you.
You visited 2 branches of the dungeon, and saw 10 of its levels.

You collected 412 gold pieces.
You spent 52 gold pieces at shops.

Inventory:

Hand Weapons
 a - a +1 trident
 w - a +3 trident (weapon)
Missiles
 d - 10 throwing nets (quivered)
 u - 12 poisoned darts
Armour
 b - the +3 leather armour of Dithmenos's Esteem (worn) {Dex+3 Slay+2}
   (You found it on level 4 of the Dungeon)

   It affects your dexterity (+3).
   It affects your accuracy and damage with ranged weapons and melee attacks
   (+2).
 c - a +1 helmet (worn)
 q - a +0 leather armour of fire resistance
 y - a +2 chain mail of cold resistance
 B - a +0 kite shield of protection (worn)
Jewellery
 j - an amulet of guardian spirit (around neck)
 t - a ring of willpower (left hand)
 z - a ring of protection from fire (right hand)
Wands
 h - a wand of acid (4)
 m - a wand of flame (34)
 s - a wand of iceblast (10)
 C - a wand of charming (9)
Scrolls
 e - 4 scrolls of identify
 f - 3 scrolls of amnesia
 g - 2 scrolls of teleportation
 k - a scroll of fear
 o - 2 scrolls of torment
 v - 2 scrolls of vulnerability
 A - a scroll of silence {unknown}
 D - a scroll of enchant armour
 E - a scroll of magic mapping
Potions
 i - 5 potions of curing
 l - 2 potions of brilliance
 n - a potion of invisibility
 p - a potion of mutation
 r - 3 potions of resistance
 x - a potion of attraction


   Skills:
 + Level 9.7(14.7) Fighting
 - Level 14.3(19.3) Polearms
 - Level 2.0(7.0) Throwing
 - Level 10.1(15.1) Dodging
 + Level 4.6(9.6) Shields
 + Level 3.1 Invocations


You had 9 spell levels left.
You didn't know any spells.
Your spell library contained the following spells:

 Spells                   Type           Power      Damage    Failure   Level
 Corona                   Hex            0%         N/A       71%         1
 Sandblast                Erth           0%         2d4       71%         1
 Passwall                 Tmut/Erth      0%         N/A       83%         2
 Slow                     Hex            0%         N/A       83%         2
 Inner Flame              Hex/Fire       0%         N/A       97%         3
 Portal Projectile        Hex/Tloc       0%         N/A       97%         3
 Stone Arrow              Conj/Erth      0%         3d7       97%         3
 Cause Fear               Hex            0%         N/A       100%        4
 Leda's Liquefaction      Hex/Erth       0%         N/A       100%        4
 Petrify                  Tmut/Erth      0%         N/A       100%        4
 Lee's Rapid Deconstruct  Erth           0%         3d5*      100%        5


Dungeon Overview and Level Annotations

Branches:
Dungeon (9/15)             Temple (1/1) D:7
   Lair: D:8-11         Orc: D:9-12

Altars:
Cheibriados
Dithmenos
Elyvilon
Fedhas
Gozag
Hepliaklqana
Kikubaaqudgha
Makhleb
Nemelex Xobeh
Okawaru
Qazlal
Ru
Sif Muna
Trog
Uskayaw
Vehumet
Wu Jian
Xom
Yredelemnul
Zin

Shops:
D:2 =   D:6 !


Innate Abilities, Weirdness & Mutations

((You are quick and stealthy near water. (Stealth+, EV+, Speed+++)))
Your lower body shifts to a powerful aquatic tail in water.


Message History

You hit the two-headed ogre.
The two-headed ogre is severely wounded.
You block the two-headed ogre's attack. The two-headed ogre misses you.
You puncture the two-headed ogre!
The two-headed ogre is almost dead.
Your shield prevents you from hitting the two-headed ogre.
The two-headed ogre is almost dead.
You block the two-headed ogre's attack. x2
You puncture the two-headed ogre!
You kill the two-headed ogre!
Okawaru is honoured by your kill.
Your Invocations skill increases to level 3!
No target in view!
No target in view!
You feel like a meek peon again.
Key pressed, stopping explore.
You now have 360 gold pieces (gained 10).
A white ugly thing comes into view.
A white ugly thing is nearby!
A white ugly thing is nearby!
A white ugly thing is nearby!
The white ugly thing gurgles horribly!
You gain the combat prowess of a mighty hero.
You hit the white ugly thing.
The white ugly thing is lightly wounded.
You puncture the white ugly thing!
The white ugly thing is moderately wounded.
The white ugly thing headbutts you! The white ugly thing freezes you!!
You puncture the white ugly thing!
The white ugly thing is moderately wounded.
The white ugly thing headbutts you. The white ugly thing freezes you!
* * * LOW HITPOINT WARNING * * *
You are too injured to fight recklessly!
You are too injured to fight recklessly!
You hit the white ugly thing but do no damage.
The white ugly thing is moderately wounded.
The white ugly thing headbutts you!
* * * LOW HITPOINT WARNING * * *
The white ugly thing freezes you!!
You die...

####..####..8...8.
###.......##........
#.........##....8...
###.....#..#........
#.....##.....#....
#....##.>....#....
##.###............
#. ##.#..u...!...
####..#..@.......
#..............
#.........#...#
#......).....##
...............
...............
...............
...............
.............#.


You could see a white ugly thing.

Vanquished Creatures
  Harold (D:7)
  2 two-headed ogres
  Pikel (D:6)
  Grinder (D:5)
  Prince Ribbit (D:7)
  A wyvern (D:7)
  7 yaks
  2 black bears
  2 necrophages (D:5)
  A sky beast (D:7)
  A centaur (D:7)
  3 bullfrogs
  A kobold brigand (D:8)
  3 scorpions (D:6)
  2 gnoll sergeants (D:8)
  A wyvern zombie (D:8)
  A water moccasin skeleton (D:6)
  9 wights (D:8)
  3 howler monkeys
  A bullfrog zombie (D:5)
  3 hounds
  A jelly (D:7)
  5 iguanas
  Ijyb (D:3)
  3 orc wizards (D:8)
  2 killer bee zombies
  A hound skeleton (D:5)
  A hound zombie (D:5)
  A howler monkey zombie (D:9)
  12 gnolls
  5 adders
  3 adder skeletons (D:4)
  6 orcs
  9 bats
  3 endoplasms
  2 giant cockroaches
  6 goblins
  7 hobgoblins
  4 jackals (D:1)
  11 kobolds
  2 quokkas
  2 ball pythons
  3 frilled lizards
  7 rats
144 creatures vanquished.

Vanquished Creatures (others)
  A gnoll (D:5)
  A fungus (D:1)
2 creatures vanquished.

Grand Total: 146 creatures vanquished

Notes
Turn   | Place    | Note
-------+----------+-------------------------------------------
     0 | D:1      | tardwrangler69 the Merfolk Gladiator began the quest for
                  | the Orb.
     0 | D:1      | Reached XP level 1. HP: 16/16 MP: 1/1
    85 | D:1      | Reached XP level 2. HP: 23/23 MP: 2/2
   147 | D:1      | Reached skill level 5 in Polearms
   267 | D:1      | Found a faded altar of an unknown god.
   590 | D:2      | Reached XP level 3. HP: 28/28 MP: 3/3
   806 | D:2      | Found Bautatis's Jewellery Shop.
  1017 | D:3      | Noticed Ijyb
  1395 | D:3      | Killed Ijyb
  1396 | D:3      | Reached skill level 6 in Polearms
  1396 | D:3      | Reached XP level 4. HP: 35/35 MP: 4/4
  1875 | D:3      | Noticed a black bear
  2273 | D:3      | Reached skill level 5 in Dodging
  2273 | D:3      | Reached XP level 5. HP: 41/41 MP: 5/5
  2375 | D:3      | Killed a black bear
  2376 | D:3      | Reached skill level 7 in Polearms
  2376 | D:3      | Reached XP level 6. HP: 48/48 MP: 6/6
  2424 | D:3      | Found a shimmering altar of Xom.
  2564 | D:4      | Identified the +3 leather armour of Dithmenos's Esteem
                  | {Dex+3 Slay+2}
  3077 | D:4      | Reached skill level 8 in Polearms
  3396 | D:5      | Entered Level 5 of the Dungeon
  3397 | D:5      | Noticed Grinder
  3420 | D:5      | Killed Grinder
  3421 | D:5      | Reached XP level 7. HP: 29/55 MP: 4/7
  3668 | D:4      | Reached skill level 9 in Polearms
  3944 | D:5      | Found a stormy altar of Qazlal.
  4005 | D:5      | Found a radiant altar of Vehumet.
  4194 | D:5      | Reached skill level 5 in Fighting
  4353 | D:5      | Found a burning altar of Makhleb.
  4367 | D:5      | Reached XP level 8. HP: 57/62 MP: 6/8
  4548 | D:5      | Found a stormy altar of Qazlal.
  4640 | D:5      | HP: 4/93 [gnoll/+0 flail (5)]
  5033 | D:5      | Found a radiant altar of Vehumet.
  5159 | D:5      | Found a burning altar of Makhleb.
  5413 | D:6      | Reached skill level 10 in Polearms
  5883 | D:6      | Noticed Pikel
  5898 | D:6      | Killed Pikel
  5899 | D:6      | Reached skill level 11 in Polearms
  5899 | D:6      | Reached XP level 9. HP: 55/71 MP: 9/9
  6034 | D:6      | Found Nafiuhis's Distillery.
  6322 | D:6      | Bought a potion of degeneration for 13 gold pieces
  6322 | D:6      | Bought a potion of curing for 39 gold pieces
  6500 | D:7      | Found a staircase to the Ecumenical Temple.
  6538 | D:7      | Reached skill level 12 in Polearms
  6544 | Temple   | Entered the Ecumenical Temple
  6804 | Temple   | Became a worshipper of Warmaster Okawaru
  6835 | D:7      | Noticed Prince Ribbit
  6842 | D:7      | Killed Prince Ribbit
  7458 | D:7      | Noticed Harold
  7796 | D:7      | Killed Harold
  7796 | D:7      | Reached * piety under Okawaru
  7797 | D:7      | Reached skill level 13 in Polearms
  8247 | D:8      | Reached XP level 10. HP: 64/80 MP: 10/10
  8259 | D:8      | Reached skill level 14 in Polearms
  8259 | D:8      | Reached skill level 10 in Dodging
  8264 | D:8      | Reached ** piety under Okawaru
  8583 | D:8      | Reached skill level 1 in Shields
  8650 | D:8      | Found a shimmering blue altar of Sif Muna.
  9273 | D:8      | Noticed a two-headed ogre
  9285 | D:8      | Killed a two-headed ogre
  9484 | D:8      | Reached *** piety under Okawaru
  9518 | D:8      | Reached skill level 1 in Invocations
  9839 | D:9      | Found a faded altar of an unknown god.
  9888 | D:9      | Noticed a two-headed ogre
  9900 | D:9      | Killed a two-headed ogre
 10000 | D:9      | Noticed a white ugly thing
 10007 | D:9      | Mangled by a white ugly thing

Illustrated notes

Levels and vault maps discovered:
D:1:      nzn_arrival_water_spiral, layout_basic,
          shapermc_ecumenical_altar_mp_urbaneastern
D:2:      layout_loops_ring, serial_shops, shop_fountains
D:3:      layout_basic, gup_sewer_entry_bubbles, kennysheep_flooded_box,
          uniq_ijyb
D:4:      layout_loops_ring, st_stairs_1, minmay_misc_feat_doors,
          kennysheep_generic_room_12
D:5:      layout_loops_cross, nicolae_vehumet_radiance, grunt_qazlal_clouds,
          makhleb_blood_cavern_becter, uniq_grinder
D:6:      layout_basic, serial_shops, shop, kennysheep_generic_room_13,
          uniq_pikel
D:7:      layout_gridville, minmay_temple_entry_grid, uniq_harold,
          uniq_prince_ribbit1
D:8:      layout_basic, lemuel_tele_altar, kennysheep_generic_room_10
D:9:      layout_cave_pools, ashenzari_altar_1, lair_entry_dummy,
          serial_column_ruins, column_ruins_hut, column_ruins_temple_hut,
          column_ruins_grid_4, column_ruins_columns_straight,
          column_ruins_columns_corner, column_ruins_open_medium,
          column_ruins_grid_4, column_ruins_open_small_water
Temple:   eino_temple_rhombus

Skill      XL: |  1  2  3  4  5  6  7  8  9 10 |
---------------+-------------------------------+-----
Polearms       | 5 6 7 8 9 11 13 14 | 14.3
Fighting       | 3 4 5 6 7 9 |  9.7
Dodging        | 5 6 8 9 10 | 10.1
Shields        | 4 |  4.6
Invocations    | 3 |  3.1
Throwing       | |  2.0

Action                   |  1- 3 |  4- 6 |  7- 9 | 10-12 || total
-------------------------+-------+-------+-------+-------++-------
Melee: Trident           |   121 |   129 |   221 |   178 ||   649
Invok: Heroism           |       |       |       |     3 ||     3
  Use: Potion            |     1 |     2 |     2 |       ||     5
       Scroll            |       |     6 |     9 |       ||    15
 Stab: Sleeping          |     3 |     3 |       |     1 ||     7
Armor: Leather armour    |    27 |    14 |    28 |    11 ||    80
       Skin              |    27 |       |       |       ||    27
Dodge: Dodged            |    68 |    70 |   117 |    48 ||   303
Block: Kite shield       |       |       |       |    37 ||    37

Table legend: (Time is in decaauts)
 A = Elapsed time spent in this place.
 B = Non-inter-level travel time spent in this place.
 C = Inter-level travel time spent in this place.
 D = Time resting spent in this place.
 E = Time spent auto-exploring this place.
 F = Levels seen in this place.
 G = Mean time per level.
                   A        B        C        D        E       F      G
               +--------+--------+--------+--------+--------+-----+--------+
         Total |   9898 |   9270 |    628 |    350 |   7738 |  10 |  989.8 |
       Dungeon |   9620 |   9041 |    579 |    350 |   7510 |   9 | 1068.9 |
        Temple |    277 |    229 |     48 |      0 |    228 |   1 |  277.0 |
               +--------+--------+--------+--------+--------+-----+--------+

Top non-repeatable levels by time:
     D:5: 1764 daAuts
     D:6: 1380 daAuts
     D:8: 1311 daAuts
     D:7: 1201 daAuts
     D:4: 1104 daAuts
     D:3: 1026 daAuts
     D:2: 985 daAuts
     D:1: 496 daAuts
     D:9: 349 daAuts
  Temple: 277 daAuts
